 Dungeon Crawl Stone Soup version 0.27-a0-1296-g8ece459b43 (webtiles) character file.

Game seed: 6678382397045154863

317 Delamore the Poker (level 6, -14/51 HPs)
             Began as a Formicid Fighter on June 16, 2021.
             Was an Initiate of Qazlal.
             Demolished by an ogre (20 damage)
             ... on level 4 of the Dungeon.
             The game lasted 00:03:59 (3977 turns).

Delamore the Poker (Formicid Fighter)               Turns: 3977, Time: 00:03:59

Health: -14/51     AC:  5    Str: 23    XL:     6   Next: 74%
Magic:  6/6        EV:  8    Int:  7    God:    Qazlal [......]
Gold:   136        SH:  9    Dex: 10    Spells: 5/5 levels left

rFire    + . .     SeeInvis +   a - +0 trident
rCold    . . .     Faith    .   c - +0 kite shield
rNeg     . . .     Spirit   .   e - +0 ring mail {rF+}
rPois    .         Reflect  .   (helmet unavailable)
rElec    .         Harm     .   (no cloak)
rCorr    .         Rampage  .   (no gloves)
Will     .....                  (no boots)
Stlth    ..........             (no amulet)
HPRegen  0.17/turn              j - ring of flight
MPRegen  0.10/turn              (no ring)

@: mighty, flying
A: permanent stasis, dig shafts and tunnels, antennae 3, four strong arms
a: Dig, Shaft Self, Renounce Religion


You were on level 4 of the Dungeon.
You worshipped Qazlal.
Qazlal was noncommittal.
You visited 2 branches of the dungeon, and saw 6 of its levels.

You collected 136 gold pieces.

Inventory:

Hand Weapons
 a - a +0 trident (weapon)
Missiles
 i - 18 poisoned darts (quivered)
Armour
 b - a +0 scale mail
 c - a +0 kite shield (worn)
 e - a +0 ring mail of fire resistance (worn)
 l - a +0 chain mail
Jewellery
 j - a ring of flight (left hand)
Scrolls
 m - 2 scrolls of identify
Potions
 f - 2 potions of flight
 h - 3 potions of attraction
 k - a potion of degeneration


   Skills:
 - Level 5.0 Fighting
 * Level 5.6 Polearms
 - Level 3.2 Armour
 - Level 3.6 Shields


You had 5 spell levels left.
You didn't know any spells.
Your spell library contained the following spells:

 Spells                   Type           Power      Damage    Failure   Level
 Animate Skeleton         Necr           0%         N/A       93%         1
 Apportation              Tloc           0%         N/A       93%         1
 Corona                   Hex            0%         N/A       93%         1
 Summon Small Mammal      Summ           0%         N/A       93%         1
 Confusing Touch          Hex            0%         N/A       100%        3
 Gell's Gravitas          Tloc           0%         N/A       100%        3
 Petrify                  Tmut/Erth      0%         N/A       100%        4
 Metabolic Englaciation   Hex/Ice        0%         N/A       100%        5
 Yara's Violent Unravell  Hex/Tmut       0%         3d3       100%        5


Dungeon Overview and Level Annotations

Branches:
Dungeon (5/15)             Temple (1/1) D:4

Altars:
Cheibriados
Dithmenos
Elyvilon
Makhleb
Okawaru
Qazlal
Ru
Vehumet
Yredelemnul
Zin

Annotations:
D:3 3 runed translucent doors, Grimdewalt's ghost, amateur OgFi


Innate Abilities, Weirdness & Mutations

You cannot be hasted, slowed, berserked, paralysed or teleported.
You can dig through walls and to a lower floor.
You have a pair of large antennae on your head. (SInv)
Your four strong arms can wield two-handed weapons with a shield.


Message History

The ogre is severely wounded.
The ogre hits you with a +0 giant club!!
* * * LOW HITPOINT WARNING * * *
You are too injured to fight recklessly!
An orc comes into view. It is wielding a +0 war axe.
The orc shouts!
The orc moves out of view.
An orc comes into view. It is wielding a +0 dagger.
The orc shouts!
An orc comes into view. It is wielding a +0 war axe.
An orc comes into view.
It is wielding a +1 hand axe of freezing.
The orc shouts! x2
A water moccasin comes into view.
Found 17 bolts.
You extend your mandibles.
You dig through the rock wall.
The water moccasin hisses angrily.
A scorpion zombie comes into view.
You dig through the rock wall.
You block the ogre's attack.
You dig through the rock wall.
You retract your mandibles.
You extend your mandibles.
You dig through the rock wall.
You dig through the rock wall.
Found 18 sling bullets.
You retract your mandibles.
There is a stone staircase leading up here.
The ogre hits you with a +0 giant club!
* * * LOW HITPOINT WARNING * * *
You fly upwards.
There is a stone staircase leading down here.
Okay, then.
Okay, then.
Okay, then.
Okay, then.
You see here 12 bolts.
You see here a +0 club.
You feel very mighty all of a sudden.
The ogre hits you with a +0 giant club!!
You die...

#######.....##.##
##.##....#######
########.............#
.....................#
########.##.###.######
###..##.# #..# ##
##...##..# ##.#
.###..###..## #.#
.......#..## #@##
#....#.).#######.O###
###...............).#######
##.....##########........#
#.....## ##..(....#
##.#...# ####....# ...#...#
##...# .......# #.>.#
.......# #...#


You could see an ogre.

Vanquished Creatures
  A scorpion (D:4)
  An orc priest (D:4)
  A hound (D:4)
  A bullfrog skeleton (D:4)
  Jessica (D:2)
  Terence (D:2)
  Natasha (D:2)
  An adder (D:3)
  An ufetubus (D:4)
  A worm (D:3)
  2 dart slugs
  4 orcs
  4 bats
  8 endoplasms
  2 giant cockroaches (D:2)
  8 goblins
  7 hobgoblins
  8 jackals
  6 kobolds
  2 quokkas
  2 ball pythons
  A frilled lizard (D:3)
  3 rats
67 creatures vanquished.

Notes
Turn   | Place    | Note
-------+----------+-------------------------------------------
     0 | D:1      | Delamore the Formicid Fighter began the quest for the Orb.
     0 | D:1      | Reached XP level 1. HP: 18/18 MP: 1/1
    95 | D:1      | Reached XP level 2. HP: 24/24 MP: 2/2
   452 | D:1      | Reached XP level 3. HP: 30/30 MP: 3/3
   585 | D:1      | Found a faded altar of an unknown god.
  1207 | D:2      | Noticed Natasha
  1214 | D:2      | Killed Natasha
  1215 | D:2      | Reached XP level 4. HP: 37/37 MP: 4/4
  1237 | D:2      | Noticed Jessica
  1242 | D:2      | Killed Jessica
  2050 | D:2      | Noticed Terence
  2057 | D:2      | Killed Terence
  2058 | D:2      | Reached XP level 5. HP: 40/43 MP: 5/5
  2342 | D:3      | Found a runed translucent gate.
  2343 | D:3      | Noticed a kobold brigand
  2344 | D:3      | Found a runed translucent gate.
  2344 | D:3      | Found a runed translucent gate.
  2344 | D:3      | Noticed Grimdewalt's ghost (amateur OgFi)
  2867 | D:4      | Reached skill level 5 in Polearms
  2867 | D:4      | Reached XP level 6. HP: 40/50 MP: 6/6
  2974 | D:4      | Reached skill level 5 in Fighting
  3435 | D:4      | Found a staircase to the Ecumenical Temple.
  3448 | Temple   | Entered the Ecumenical Temple
  3700 | Temple   | Became a worshipper of Qazlal Stormbringer
  3933 | D:5      | Entered Level 5 of the Dungeon
  3947 | D:5      | Noticed an ogre
  3954 | D:5      | Noticed a water moccasin
  3977 | D:4      | Demolished by an ogre

Illustrated notes

Levels and vault maps discovered:
D:1:      eino_arrival_druids_welcome, layout_loops_ring,
          ebering_ecumenical_altar_petrified
D:2:      layout_basic, chequers_avenue, chequers_serial_rivers_large_b,
          uniq_jessica, uniq_natasha, uniq_terence
D:3:      layout_rooms, gammafunk_ghost_nasty_kobolds, serial_bayou_pond_e
D:4:      layout_rooms, minmay_temple_entry_proselytizer
D:5:      minmay_bubble_buster, layout_loops_cross, dk_vineyard_3,
          minmay_misc_feat_enclosed
Temple:   jpeg_temple_alley_garden

Skill      XL: |  1  2  3  4  5  6 |
---------------+-------------------+-----
Polearms       | 3 4 5 |  5.6
Fighting       | 4 5 |  5.0
Armour         | |  3.2
Shields        | |  3.6

Action                   |  1- 3 |  4- 6 || total
-------------------------+-------+-------++-------
Melee: Trident           |    78 |   134 ||   212
 Abil: Dig               |       |     3 ||     3
  Use: Scroll            |     5 |     4 ||     9
       Potion            |       |     2 ||     2
Armor: Scale mail        |    31 |       ||    31
       Chain mail        |     1 |    48 ||    49
Dodge: Dodged            |    22 |    30 ||    52
Block: Kite shield       |    35 |    45 ||    80

Table legend: (Time is in decaauts)
 A = Elapsed time spent in this place.
 B = Non-inter-level travel time spent in this place.
 C = Inter-level travel time spent in this place.
 D = Time resting spent in this place.
 E = Time spent auto-exploring this place.
 F = Levels seen in this place.
 G = Mean time per level.
                   A        B        C        D        E       F      G
               +--------+--------+--------+--------+--------+-----+--------+
         Total |   4087 |   3842 |    245 |    407 |   2876 |   6 |  681.2 |
       Dungeon |   3805 |   3644 |    161 |    407 |   2681 |   5 |  761.0 |
        Temple |    281 |    197 |     84 |      0 |    195 |   1 |  281.0 |
               +--------+--------+--------+--------+--------+-----+--------+

Top non-repeatable levels by time:
     D:2: 1242 daAuts
     D:1: 983 daAuts
     D:3: 906 daAuts
     D:4: 635 daAuts
  Temple: 281 daAuts
     D:5: 37 daAuts
